 Dungeon Crawl Stone Soup version 0.19-a0-1021-g80cc50c (webtiles) character file.

928 puppykicker the Carver (level 8, -1/58 HPs)
             Began as a Formicid Abyssal Knight on July 27, 2016.
             Was a Priest of Lugonu.
             Slain by an iguana (11 damage)
             ... on level 4 of the Dungeon.
             The game lasted 00:16:02 (6463 turns).

puppykicker the Carver (Formicid Abyssal Knight)    Turns: 6463, Time: 00:16:03

Health: -1/58      AC:  7    Str: 18    XL:     8   Next: 32%
Magic:  12/12      EV: 10    Int: 13    God:    Lugonu [***...]
Gold:   199        SH:  0    Dex: 10    Spells: 0 memorised, 7 levels left

rFire  . . .     SeeInvis +     a - +0 long sword
rCold  . . .     Gourm    .     F - +0 ring mail
rNeg   . . .     Faith    .     (no shield)
rPois  .         Spirit   .     (helmet unavailable)
rElec  .         Dismiss  .     i - +1 cloak
rCorr  .         Reflect  .     (no gloves)
SustAt .         Harm     .     (no boots)
MR     .....                    (no amulet)
Stlth  ..........               (no ring)
                                (no ring)

@: lethally poisoned (-1 -> -2), not resistant to hostile enchantments,
extremely unstealthy
A: permanent stasis, dig shafts and tunnels, four strong arms, antennae 3
a: Dig, Shaft Self, Depart the Abyss, Bend Space, Banish, Renounce Religion


You were on level 4 of the Dungeon.
You worshipped Lugonu.
Lugonu was most pleased with you.
You were full.

You visited 1 branch of the dungeon, and saw 5 of its levels.
You visited the Abyss 1 time.

You collected 199 gold pieces.


Innate Abilities, Weirdness & Mutations

You are under a permanent stasis effect.
You can dig through walls and to a lower floor.
Your four strong arms can wield two-handed weapons with a shield.
You have a pair of large antennae on your head. (SInv)


   Skills:
 - Level 3.2 Fighting
 * Level 8.0 Long Blades
 - Level 2.1 Armour
 - Level 0.8 Dodging
 + Level 5.9 Invocations


You had 7 spell levels left.
You didn't know any spells.

Inventory:

Hand Weapons
 a - a +0 long sword (weapon)
 b - a +1 dagger of venom
 c - a +0 blowgun
Missiles
 d - 46 stones (quivered)
 f - 69 bolts
 h - 122 arrows
 B - a throwing net
 D - 23 poisoned needles
Armour
 i - a +1 cloak (worn)
 F - a +0 ring mail (worn)
Magical Staves
 n - an uncursed staff of fire {unknown}
Wands
 p - a wand of random effects (10/48)
 r - a wand of polymorph (15/24)
 y - a wand of flame (27/48)
Scrolls
 e - 2 scrolls of remove curse
 j - 3 scrolls of recharging
 q - 2 scrolls of fog {unknown}
 s - 3 scrolls of enchant armour
 t - a scroll of amnesia {unknown}
 v - a scroll of noise {unknown}
 w - 2 scrolls of fear {unknown}
 G - a scroll of enchant weapon {unknown}
Potions
 g - a potion of curing
 l - a potion of haste
 u - 2 potions of heal wounds
 x - 2 potions of cancellation {unknown}
 z - a potion of might
 A - a potion of brilliance
 C - a potion of ambrosia
 E - a potion of magic
Comestibles
 o - 6 bread rations

Dungeon Overview and Level Annotations

Branches:
Dungeon (5/15)
 Temple: D:4-7

Altars:
Ashenzari
Kikubaaqudgha
Okawaru
Yredelemnul

Annotations:
D:5 ktulu8bugs's ghost, novice FoFi

### ### #.# ########.## ######
.## #.........### ###.##.## # .#
##.#.......l######..###..#### ##
##.###.....#@......## ##..##. #
#..# ###...######..# ##.... ##..#
###...## #..## ##... ##..##
##......#####..## ##..
###...####.........###...# #..
.....................#...######..
.............##.......#..........
.#####......#####................
## ##...### ##........####...


You could see an iguana.


Message History

You hit the worker ant but do no damage.
The worker ant is heavily wounded.
The worker ant closely misses you.
You closely miss the worker ant.
The worker ant is heavily wounded.
The worker ant barely misses you.
You riposte.
You barely miss the worker ant.
The worker ant is heavily wounded.
You hit the worker ant.
The worker ant is severely wounded.
You feel sick. The worker ant bites you.
* * * LOW HITPOINT WARNING * * *
The worker ant closely misses you.
You riposte.
You barely miss the worker ant.
The worker ant is severely wounded.
You closely miss the worker ant.
The worker ant is severely wounded.
The worker ant bites you but does no damage.
You hit the worker ant.
The worker ant is severely wounded.
The worker ant closely misses you.
You riposte.
You hit the worker ant but do no damage.
The worker ant is severely wounded.
You slash the worker ant!
You kill the worker ant!
Lugonu accepts your kill.
Your Long Blades skill increases to level 8!
You feel sick. The iguana closely misses you.
You riposte.
You hit the iguana but do no damage.
You see here a worker ant corpse.
The iguana bites you!
You die...

Action                   |  1- 3 |  4- 6 |  7- 9 || total
-------------------------+-------+-------+-------++-------
Melee: Falchion          |    93 |   216 |       ||   309
       Long sword        |       |    12 |   195 ||   207
 Fire: Blowgun           |       |    35 |     6 ||    41
Throw: Stone             |       |     8 |       ||     8
 Abil: Dig               |       |       |     1 ||     1
Evoke: Wand              |       |     9 |       ||     9
  Use: Scroll            |     3 |       |     5 ||     8
       Potion            |       |     5 |       ||     5
 Stab: Paralysed         |       |     3 |       ||     3
  Eat: Chunk             |       |     6 |     3 ||     9
       Meat ration       |       |     1 |     1 ||     2
       Fruit             |       |       |     3 ||     3
       Beef jerky        |       |       |     1 ||     1
Armor: Scale mail        |    32 |    59 |       ||    91
       Chain mail        |       |    63 |       ||    63
       Ring mail         |       |       |    46 ||    46
Dodge: Dodged            |    30 |   118 |    81 ||   229

Vault maps used:
D:1:      dpeg_arrival_tiny_f, minmay_tripent
D:2:      nicolae_overflow_hidden_temple, evilmike_ruin_ashenzari, uniq_robin,
          uniq_crazy_yiuf_cottage
D:3:      yredelemnul_forgotten_temple_becter, nicolae_overflow_crystal_walls,
          uniq_natasha, uniq_terence
D:5:      lemuel_coloured_pillars_altar, nicolae_ru_sacrificial_ziggurat,
          first_bread, bloody_makhleb, uniq_edmund

Notes
Turn   | Place    | Note
-------+----------+-------------------------------------------
     0 | Abyss:1  | puppykicker the Formicid Abyssal Knight began the quest for the Orb.
     0 | Abyss:1  | Reached XP level 1. HP: 18/18 MP: 2/2
    11 | D:1      | Escaped the Abyss
   340 | D:1      | Reached XP level 2. HP: 22/24 MP: 3/3
   520 | D:1      | Reached skill level 3 in Long Blades
   672 | D:1      | Reached XP level 3. HP: 25/29 MP: 4/4
   920 | D:2      | Reached ** piety under Lugonu
   935 | D:2      | Noticed Robin
   968 | D:2      | Reached skill level 4 in Long Blades
   968 | D:2      | Reached XP level 4. HP: 21/35 MP: 5/5
  1269 | D:2      | Found a shattered altar of Ashenzari.
  1340 | D:2      | Killed Robin
  1758 | D:2      | Found a runed door.
  1878 | D:2      | Found an iron altar of Okawaru.
  2300 | D:2      | Noticed Crazy Yiuf
  2308 | D:2      | Killed Crazy Yiuf
  2308 | D:2      | Reached XP level 5. HP: 6/41 MP: 2/6
  2657 | D:3      | Reached skill level 5 in Long Blades
  2798 | D:3      | Noticed Terence
  2806 | D:3      | Killed Terence
  2806 | D:3      | Reached skill level 3 in Invocations
  2806 | D:3      | Reached XP level 6. HP: 47/47 MP: 8/8
  3281 | D:3      | Found an ancient bone altar of Kikubaaqudgha.
  3357 | D:3      | Reached *** piety under Lugonu
  3447 | D:3      | Reached skill level 6 in Long Blades
  3827 | D:3      | Noticed Natasha
  3837 | D:3      | Killed Natasha
  4150 | D:3      | Noticed Natasha
  4155 | D:3      | Killed Natasha
  4155 | D:3      | Reached skill level 4 in Invocations
  4155 | D:3      | Reached XP level 7. HP: 42/52 MP: 8/10
  4239 | D:3      | Found a basalt altar of Yredelemnul.
  4605 | D:4      | Reached skill level 7 in Long Blades
  4810 | D:4      | Reached skill level 5 in Invocations
  5547 | D:5      | Entered Level 5 of the Dungeon
  5548 | D:5      | Noticed ktulu8bugs's ghost (novice FoFi)
  5893 | D:5      | Reached XP level 8. HP: 23/58 MP: 10/12
  6111 | D:5      | Noticed Edmund
  6160 | D:5      | Killed Edmund
  6461 | D:4      | Reached skill level 8 in Long Blades
  6463 | D:4      | Slain by an iguana

Vanquished Creatures
  Edmund (D:5)
  A phantom (D:5)
  An ogre (D:4)
  An orc priest (D:3)
  Crazy Yiuf (D:2)
  2 hounds (D:4)
  6 worker ants
  Terence (D:3)
  Natasha (twice) (D:3)
  2 orc wizards
  Robin (D:2)
  6 gnolls (D:3)
  3 adders
  3 oozes
  An adder zombie (D:5)
  A worm (D:2)
  2 dart slugs (D:2)
  4 giant geckos
  17 orcs
  6 giant cockroaches
  9 goblins
  12 hobgoblins
  3 jackals (D:2)
  3 quokkas
  A ball python (D:4)
  5 bats
  A giant newt (D:3)
  11 kobolds
  4 rats
  A spectral orc (D:3)
112 creatures vanquished.

Vanquished Creatures (others)
  A gnoll (D:3)
1 creature vanquished.

Grand Total: 113 creatures vanquished
